Cogmind - Beta 16 @@@ ROGUE MODE // 2025.12.08 @ 10:42:46 // Winter2019/RPGLIKE Player: Gallgagger Result: Self-destructed Performance ------------- Evolutions (2) 1000 Regions Visited (4) 800 Robots Destroyed (63) 315 Value Destroyed (1616) 1616 Prototype IDs (2) 40 Alien Tech Used (0) 0 Bonus (94) 94 TOTAL SCORE: 3865 Bonus ------- High Alert Combat Kills 4 Follower Combat Kills 90 Cogmind --------- Core Integrity 186/600 Matter 450/450 Energy 300/300 System Corruption 2% Temperature Cool (1) Movement Hovering (60) Location -8/Materials Parts ------- > --- POWER (1) -------- Ion Engine > --- PROPULSION (1) --- Hover Unit > --- UTILITY (5) ------ Compact Matter Pod Weight Redist. System Makeshift Light Armor Plating > --- WEAPON (1) ------- Minigun > --- INVENTORY (2) ---- High-capacity Matter Pod (200) Compact Matter Pod (150) Peak State ------------ > --- POWER ------------ Ion Engine > --- PROPULSION ------- Hover Unit > --- UTILITY ---------- Compact Matter Pod Weight Redist. System Makeshift Light Armor Plating Scrap Shield > --- WEAPON ----------- Minigun > --- INVENTORY -------- High-capacity Matter Pod Compact Matter Pod [Rating: 18] Favorites ----------- Power Ion Engine Engine Ion Engine Propulsion Hover Unit Hover Unit Hover Unit Flight Unit Flight Unit Utility Weight Redist. System Device Weight Redist. System Storage Small Matter Pod Processor Signal Interpreter Protection Scrap Shield Weapon Autogun Energy Gun Medium Laser Ballistic Gun Autogun Build | -11 -10 -10 -10 -8 ------- Run | Yrd Mat Min Sub Mat Slots Evolved 4 | 2 2 . . . Power . | . . . . . Propulsion . | . . . . . Utility 4 | 2 2 . . . Weapon . | . . . . . Parts Attached 24 | 7 11 3 2 1 Power 3 | 2 1 . . . Engine 3 | 2 1 . . . Core . | . . . . . Reactor . | . . . . . Propulsion 3 | . 3 . . . Treads . | . . . . . Leg . | . . . . . Wheel . | . . . . . Hover 2 | . 2 . . . Flight 1 | . 1 . . . Utility 15 | 4 6 3 2 . Device 4 | 2 2 . . . Storage 6 | 2 2 2 . . Processor 2 | . 2 . . . Hackware . | . . . . . Protection 3 | . . 1 2 . Artifact . | . . . . . Weapon 3 | 1 1 . . 1 Energy Gun 1 | 1 . . . . Energy Cannon . | . . . . . Ballistic Gun 2 | . 1 . . 1 Ballistic Cannon . | . . . . . Launcher . | . . . . . Special Weapon . | . . . . . Impact Weapon . | . . . . . Slashing Weapon . | . . . . . Piercing Weapon . | . . . . . Special Melee Weapon . | . . . . . Unidentified Prototypes . | . . . . . Parts Lost 3 | . 2 . . 1 Power 1 | . 1 . . . Propulsion . | . . . . . Utility 2 | . 1 . . 1 Weapon . | . . . . . Highest Loss Streak 1 | . 1 . . 1 To Critical Strikes . | . . . . . Average Backups 1 | . . 1 2 2 Power . | . . . . . Propulsion . | . . . . . Utility 1 | . . 1 2 2 Weapon . | . . . . . Tool/Special . | . . . . . Unused Backups . | . . . . . Power . | . . . . . Propulsion . | . . . . . Utility . | . . . . . Weapon . | . . . . . Tool/Special . | . . . . . Average Slot Usage (%) 92 | . 95 100 87 85 Engine 12 | . 14 12 12 12 Hover 12 | . 13 12 12 12 Device 24 | . 28 25 20 12 Storage 18 | . 21 26 12 12 Protection 8 | . . 10 16 23 Energy Gun 3 | . 8 . . . Ballistic Gun 9 | . 5 12 12 12 Peak Build Rating 18 | 6 10 14 17 18 Average Rating 10 | 5 8 13 15 17 On Entrance 9 | . 6 10 14 17 Avg Prop Armor Cover (%) 2 | . . 6 2 . Naked Turns . | . . . . . Heaviest Build 31 | 8 17 18 31 31 Greatest Support 32 | 8 22 22 24 32 Greatest Overweight (x) 1 | . . . 1 1 Average Overweight (x) . | . . . . . Largest Inventory Capacity 2 | 1 2 2 2 2 Average Capacity 1 | 1 1 2 2 2 Most Carried 2 | 1 1 2 2 2 Average Carried 1 | . . 1 2 2 Final Capacity 2 | 1 2 2 2 2 Final Carried 2 | 1 . 2 2 2 Class Distribution -------------------- 50% | Scavenger-Mutant 49% | Mutant Dominant Class ---------------- Scavenger-Mutant | -10/Materials Mutant | -10/Mines Scavenger-Mutant | -10/Subcaves Mutant | -8/Materials Resources | -11 -10 -10 -10 -8 ----------- Run | Yrd Mat Min Sub Mat Matter Collected 1466 | 387 598 144 240 97 Remotely 76 | 76 . . . . Salvage Created 1916 | 325 1054 22 184 331 Parts 140 | 27 79 3 13 18 Haulers Intercepted 2 | . 1 . . 1 Recyclers Shooed . | . . . . . Parts Field Recycled . | . . . . . Retrieved Matter . | . . . . . Parts Self-Destructed 13 | . . . 13 . Prevented . | . . . . . Parts Restored . | . . . . . Kills | -11 -10 -10 -10 -8 ------- Run | Yrd Mat Min Sub Mat Combat Hostiles Destroyed 47 | . 34 3 6 4 Guns 46 | . 33 3 6 4 Classes Destroyed 11 | 3 4 . 3 1 Worker 2 | 2 . . . . Builder 1 | . 1 . . . Tunneler 9 | 9 . . . . Hauler 2 | . 1 . . 1 Recycler 1 | 1 . . . . Turret 1 | . . . 1 . Swarmer 13 | . 9 3 1 . Grunt 27 | . 25 . . 2 Brawler 1 | . . . . 1 Sentry 2 | . . . 1 1 Subdweller 4 | . . . 4 . Best Kill Streak 6 | 4 6 3 2 3 Combat Bots Only 6 | . 6 3 2 3 Max Kills in Single Turn 1 | 1 1 1 1 1 Gunslinging . | . . . . . Exploded . | . . . . . Melee . | . . . . . Uniques/NPCs Destroyed . | . . . . . Combat | -11 -10 -10 -10 -8 -------- Run | Yrd Mat Min Sub Mat Hostile Shots Fired 327 | . 129 20 144 34 Missed 106 | . 38 3 56 9 Hits 221 | . 91 17 88 25 Melee 4 | . . . . 4 Projectile 217 | . 91 17 88 21 AOE 2 | . 2 . . . Critical Strikes 5 | . 2 . . 3 Part Disruptions 1 | . 1 . . . Damage Taken 2670 | . 1173 135 960 402 Core 1826 | . 974 107 482 263 Absorbed by Shields . | . . . . . Redirected to Core 1343 | . 665 79 414 185 Regen/Repaired (Parts) 4 | . 4 . . . Core Remaining (%) 87 | 100 . . 74 . Volleys Fired 350 | 31 232 9 55 23 Largest 1 | 1 1 1 1 1 Hottest 50 | 50 50 23 23 25 Shots Fired 350 | 31 232 9 55 23 Gun 350 | 31 232 9 55 23 Cannon . | . . . . . Launcher . | . . . . . Special . | . . . . . Kinetic 144 | . 57 9 55 23 Thermal 206 | 31 175 . . . Explosive . | . . . . . Electromagnetic . | . . . . . Robot Hit Streak 13 | 10 13 9 11 11 Robot Miss Streak 5 | 1 2 1 5 1 Penetration Max . | . . . . . Secondary Targets . | . . . . . Shots Hit Robots 206 | 25 108 8 44 21 Core Hits 96 | 13 57 3 14 9 Critical Kills . | . . . . . Critical Parts Destroyed . | . . . . . Critical Strikes 10 | 2 8 . . . Burn 10 | 2 8 . . . Melee Attacks . | . . . . . Impact . | . . . . . Slashing . | . . . . . Piercing . | . . . . . Sneak Attacks . | . . . . . Combat Hostiles . | . . . . . Follow-up Attacks . | . . . . . Damage Inflicted 2996 | 317 1474 120 712 373 Guns 2996 | 317 1474 120 712 373 Cannons . | . . . . . Explosions . | . . . . . Melee . | . . . . . Ramming . | . . . . . Kinetic 1810 | . 605 120 712 373 Thermal 1186 | 317 869 . . . Explosive . | . . . . . Electromagnetic . | . . . . . Impact . | . . . . . Slashing . | . . . . . Piercing . | . . . . . Highest Corruption 2 | . . . . 2 Average Corruption 2 | . . . . 2 Corruption Purged . | . . . . . Corruption Blocked . | . . . . . Effects 1 | . . . . 1 Message Errors 1 | . . . . 1 Overload Shots . | . . . . . Overflow Damage . | . . . . . Projectiles . | . . . . . Explosions . | . . . . . Melee . | . . . . . Knockbacks . | . . . . . Impact . | . . . . . Kinetic . | . . . . . Secondary . | . . . . . Self-Inflicted Damage . | . . . . . Shots . | . . . . . Rammed . | . . . . . Targets Rammed . | . . . . . Kicked . | . . . . . Crushed . | . . . . . Highest Temperature 8 | . 3 . . 8 Average Temperature 4 | . 2 . . 8 Received Heat Transfer 1017 | . 510 . 327 180 Siege Activations . | . . . . . Martial Activations . | . . . . . Shielding Activations . | . . . . . Robots Disrupted . | . . . . . Combat Hostiles . | . . . . . Robots Corrupted . | . . . . . Combat Hostiles . | . . . . . Parts Fried . | . . . . . Impact Corruptions . | . . . . . Robots Melted 1 | . 1 . . . Combat Hostiles 1 | . 1 . . . Parts Melted 15 | 4 9 . 2 . Heat Transferred 4218 | 1073 3145 . . . Parts Sabotaged . | . . . . . Parts Stolen . | . . . . . Parts Stripped . | . . . . . Power Chain Reactions . | . . . . . Alert | -11 -10 -10 -10 -8 ------- Run | Yrd Mat Min Sub Mat Maximum Alert Level 2 | . 2 1 . . Low Security (%) 71 | 100 42 84 . 100 Level 1 27 | . 54 15 . . Level 2 1 | . 2 . . . Level 3 . | . . . . . Level 4 . | . . . . . Level 5 . | . . . . . High Security . | . . . . . Max Security . | . . . . . Peak Influence 438 | 15 438 239 . 60 Initial 169 | . . 169 . . Average 118 | . 210 130 . 15 Influence Increases 1559 | 60 1130 70 180 119 Destroy 0b10 Robot/C 880 | . 680 60 60 80 Destroy 0b10 Robot/NC 75 | 60 10 . . 5 Destroy Leader 194 | . 162 10 . 22 Successful Hack 55 | . 43 . . 12 Select Force Hacks 160 | . 160 . . . Lose Combat Pursuer 195 | . 75 . 120 . Influence Decreases 1499 | 60 696 479 205 59 Entered New Map 278 | . . 265 13 . Time Decay 1051 | 60 526 214 192 59 Lost Part 20 | . 20 . . . Purge Threat 150 | . 150 . . . Squads Dispatched 11 | . 11 . . . Investigation 9 | . 9 . . . Extermination . | . . . . . Reinforcement 2 | . 2 . . . Assault . | . . . . . Garrison . | . . . . . Intercept . | . . . . . Searches Triggered . | . . . . . Construction Impeded . | . . . . . Haulers Reinforced . | . . . . . Active Scanning Responses . | . . . . . Cargo Convoy Interrupts . | . . . . . Stealth | -11 -10 -10 -10 -8 --------- Run | Yrd Mat Min Sub Mat Distress Signals 4 | . 4 . . . Communications Jammed . | . . . . . Distress Signals . | . . . . . Times Spotted 76 | . 51 3 17 5 Peak Tracking Total 6 | . 5 3 6 3 Tactical Retreats 6 | . 3 . 3 . Traps | -11 -10 -10 -10 -8 ------- Run | Yrd Mat Min Sub Mat Traps Triggered . | . . . . . Indirectly . | . . . . . Trap Hack Attempts . | . . . . . Triggered . | . . . . . Disarmed . | . . . . . Reprogrammed . | . . . . . Reused . | . . . . . Traps Extracted . | . . . . . Installed . | . . . . . Triggered . | . . . . . Machines | -11 -10 -10 -10 -8 ---------- Run | Yrd Mat Min Sub Mat Machines Disabled . | . . . . . Max in Single Turn . | . . . . . Machines Repaired . | . . . . . Machines Dismantled . | . . . . . Machines Sabotaged 2 | . 2 . . . Overloaded Fab Kills . | . . . . . Hacking | -11 -10 -10 -10 -8 --------- Run | Yrd Mat Min Sub Mat Machines Accessed 15 | . 10 . . 5 Terminals 11 | . 7 . . 4 Fabricators . | . . . . . Repair Stations 1 | . 1 . . . Recycling Units 2 | . 2 . . . Scanalyzers 1 | . . . . 1 Garrison Access . | . . . . . Total Hacks 51 | . 38 . . 13 Successful 30 | . 24 . . 6 Failed 21 | . 14 . . 7 Catastrophic 2 | . 1 . . 1 Database Lockouts . | . . . . . Manual 44 | . 33 . . 11 Terminals 45 | . 33 . . 12 Fabricators . | . . . . . Repair Stations 1 | . 1 . . . Recycling Units 4 | . 4 . . . Scanalyzers 1 | . . . . 1 Garrison Access . | . . . . . Terminal Hacks 5 | . 3 . . 2 Robot Analysis 2 | . . . . 2 Prototype ID Bank 1 | . 1 . . . Alert Level 1 | . 1 . . . Unreport Threat 1 | . 1 . . . Fabricator Hacks . | . . . . . Repair Station Hacks . | . . . . . Recycling Unit Hacks . | . . . . . Scanalyzer 1 | . . . . 1 Retrieve Study 1 | . . . . 1 Garrison Access Hacks . | . . . . . Unauthorized Hacks 23 | . 20 . . 3 Terminals 20 | . 17 . . 3 Assimilate 1 | . . . . 1 Botnet 6 | . 4 . . 2 Disrupt 4 | . 4 . . . Operators 1 | . 1 . . . Skim 3 | . 3 . . . Sabotage 5 | . 5 . . . Fabricators . | . . . . . Repair Stations 1 | . 1 . . . Patch 1 | . 1 . . . Recycling Units 2 | . 2 . . . Tunnel 2 | . 2 . . . Scanalyzers . | . . . . . Garrison Access . | . . . . . Data Cores Recovered . | . . . . . Used . | . . . . . Hacking Detections 9 | . 5 . . 4 Full Trace Events 1 | . 1 . . . Feedback Events . | . . . . . Feedback Blocked . | . . . . . Robot Schematics Acquired . | . . . . . Robots Built . | . . . . . Authchips . | . . . . . Time . | . . . . . Total Robot Build Rating . | . . . . . Part Schematics Acquired . | . . . . . Parts Built . | . . . . . Authchips . | . . . . . Time . | . . . . . Total Part Build Rating . | . . . . . Part Studies Acquired 1 | . . . . 1 Parts Repaired . | . . . . . Time . | . . . . . Parts Recycled . | . . . . . Recycled Matter . | . . . . . Retrieved Matter . | . . . . . Retrieved Components . | . . . . . Parts Scanalyzed . | . . . . . Part Schematics Acquired . | . . . . . Parts Damaged . | . . . . . Bothacking | -11 -10 -10 -10 -8 ------------ Run | Yrd Mat Min Sub Mat Used RIF Installer . | . . . . . Robots Hacked . | . . . . . Non-combat . | . . . . . Combat . | . . . . . Robot Hacks Applied . | . . . . . Relay Couplers Released . | . . . . . Fabnet Peak Effective % . | . . . . . Robots Rewired . | . . . . . Allies Hacked . | . . . . . Hacks Repelled . | . . . . . Allies | -11 -10 -10 -10 -8 -------- Run | Yrd Mat Min Sub Mat Total Allies 4 | . . 3 . 1 Largest Group 3 | . . 3 3 1 Highest-Rated Group 70 | . . 66 70 26 Highest-Rated Ally 31 | . . 31 31 26 Total Orders 1 | . . . . 1 STAY 1 | . . . . 1 Ally Attacks 25 | . . . 25 . Total Damage 424 | . . . 424 . Kills 3 | . . . 3 . Allies Corrupted . | . . . . . Allies Melted . | . . . . . Intel | -11 -10 -10 -10 -8 ------- Run | Yrd Mat Min Sub Mat Active Infowar (turns) 3691 | 1045 1447 446 753 . Terrain 3691 | 1045 1447 446 753 . Robot Analysis Total 2 | . . . . 2 Derelict Logs Recovered 2 | . . 1 1 . Drone Launches . | . . . . . Drone Recoveries . | . . . . . Exploration | -11 -10 -10 -10 -8 ------------- Run | Yrd Mat Min Sub Mat Turns Passed 4338 | 1070 1476 446 1191 155 Spaces Moved 3020 | 96 1138 564 1050 172 Core 1273 | 96 46 77 1050 4 Treads . | . . . . . Legs . | . . . . . Wheels . | . . . . . Hover 1679 | . 1024 487 . 168 Flight 68 | . 68 . . . Fastest Speed 40 | 50 40 50 50 60 Average Speed 71 | 50 58 58 96 60 Slowest Speed 100 | 50 60 60 100 100 Overloaded Moves . | . . . . . Propulsion Burnouts . | . . . . . Robots Hopped . | . . . . . Potential Cave-ins . | . . . . . Cave-ins Triggered . | . . . . . Exploration Rate (%) 54 | 4 96 98 50 23 Regions Visited 4 Branch Regions 2 Pre-discovered Areas 3 | . 2 . 1 . Known Exits Taken . | . . . . . Unknown Exits Taken 4 | 1 1 1 1 . Scrap Searched 1 | . . 1 . . Spaces Dug . | . . . . . Terrain Destroyed . | . . . . . Melee . | . . . . . Projectile . | . . . . . AOE . | . . . . . Terrain Rammed . | . . . . . Walls Destroyed . | . . . . . Machines Disabled . | . . . . . Actions | -11 -10 -10 -10 -8 --------- Run | Yrd Mat Min Sub Mat Total 4868 | 1084 1724 670 1186 204 Wait 1384 | 948 308 88 33 7 Move 3016 | 95 1137 563 1049 172 Hop . | . . . . . Pick Up 4 | 1 1 2 . . Fast Attach 12 | 5 5 . 2 . Attach 2 | 1 1 . . . Detach 2 | 1 . . 1 . Swap 12 | 1 7 3 . 1 Drop 9 | 1 3 1 3 1 Fire 350 | 31 232 9 55 23 Melee . | . . . . . Ram . | . . . . . Kick . | . . . . . Crush . | . . . . . Escape Stasis . | . . . . . Rewire . | . . . . . Trap . | . . . . . Miscellaneous 77 | . 30 4 43 . Route ------- -11/Scrapyard -10/Materials (discovered 5 exits: [*Mat x3] / [*Min x2]) -10/Mines (discovered 3 exits: [*Mat x2] / [*Sub]) -10/Subcaves (discovered 2 exits: *Mat / [*Rec]) -8/Materials (discovered 1 exit: Fac) History --------- Turn | Location | Event 1 | -11/Scrapyard | Upgraded with Utility slot (x2) 10 | -11/Scrapyard | Discovered new exit (range 15) 1071 | -11/Scrapyard | Entered Materials 1072 | -10/Materials | Build established: Mutant 1142 | -10/Materials | Discovered new exit (range 8) 1413 | -10/Materials | Build established: Scavenger-Mutant 1419 | -10/Materials | Discovered new exit (range 13) 1476 | -10/Materials | Core integrity fell below 50% 1523 | -10/Materials | Reached level 2 1538 | -10/Materials | Discovered new exit (range 8) 1599 | -10/Materials | Discovered new exit (range 5) 1677 | -10/Materials | Core integrity fell below 20% 1679 | -10/Materials | Discovered new exit (range 8) 1815 | -10/Materials | Reached level 3 1927 | -10/Materials | Upgraded with Utility slot (x2) 2453 | -10/Materials | Reached level 4 2547 | -10/Materials | Entered Mines 2553 | -10/Mines | Met a Derelict bent on vengeance 2688 | -10/Mines | A weapon hastily lodged in a ceiling crevice suddenly fell to the ground 2763 | -10/Mines | Learned location of 1 exit from Materials 2805 | -10/Mines | Discovered new exit (range 12) 2883 | -10/Mines | Discovered new exit (range 8) 2921 | -10/Mines | Received a Mining Laser from a helpful Derelict 2938 | -10/Mines | Build established: Mutant 2953 | -10/Mines | Discovered new exit (range 13) 2993 | -10/Mines | Entered Subcaves 2993 | -10/Subcaves | Accompanied by 3 allies 2995 | -10/Subcaves | Reached level 5 2998 | -10/Subcaves | Led the pair of lost Derelicts to an unsafe place 3001 | -10/Subcaves | Discovered new exit (range 4) 3078 | -10/Subcaves | Learned Materials terminal intel 3141 | -10/Subcaves | Shifting Twisted Machinery released Sub. Laser 3365 | -10/Subcaves | A swath of the cavern ceiling suddenly collapsed 3366 | -10/Subcaves | Build established: Scavenger-Mutant 3702 | -10/Subcaves | Discovered new exit (range 13) 3935 | -10/Subcaves | Learned location of Zion (-6) 3935 | -10/Subcaves | Met a Zionite searching for "candidates" 3999 | -10/Subcaves | Shifting Twisted Machinery released Sub. Beam Cannon 4052 | -10/Subcaves | Build established: Mutant 4095 | -10/Subcaves | Shifting Twisted Machinery released Sub. Machine Gun 4184 | -10/Subcaves | Entered Materials 4185 | -8/Materials | Identified exit to Factory 4186 | -8/Materials | Loaded intel: 12 terminal locations 4186 | -8/Materials | Reached level 6 4318 | -8/Materials | Core integrity fell below 50% 4322 | -8/Materials | Reached level 7 4339 | -8/Materials | Self-destructed Last Messages --------------- dissipate. 04270_ K-01 Serf collects debris. 04276_ A-02 Transporter destroyed. 04278_ Acquired 38 matter. 04278_ K-01 Serf collects debris. 04281_ Administrator 3a reveals location of Alarm Trap. 04284_ R-06 Scavenger collects Hpw. Tractor Beam. 04287_ R-06 Scavenger collects ECM Suite. 04288_ R-06 Scavenger collects Ion Engine. 04310_ Scrap Shield destroyed. 04310_ System corrupted by crushing effect (+2). 04311_ 2ISLB|QN%JVA&&ZPD LEHD 04316_ Knocked back. 04321_ Critical hit (Burn: +37). 04322_ Reached level 7. 04322_ B-36 Bruiser destroyed. 04330_ G-47 Trooper destroyed. 04337_ Acquired 59 matter. Map ----- +----------------------------------------------------+ | ###### ####### #????#####??????????????????? | | ?????# #?#######+######## #??????????????????? | | ?????# #?# + +??????????????????? | | ?????# #?# ## #??????????????????? | | ?????# #?# ### ##??????????????????? | | ?????# #?# #?# #???????????????????? | | ?????# #?# = #?# #####+#?????????????? | | ?????# #?# #?# #?????????????? | | ?????# #?###############?# #?????????????? | | ?????# #???????# # ####??????????? | | ?????+ +???????# """ # #??????????? | | ?????# ?????????""""" + #??????????? | | ?????# ?????????""""" # T #??????????? | | ?????# ?????????""""" # #??????????? | | ?????? ????????? """ ?# #??????????? | | ?????????????????? ?# #??????????? | | ?????????????????# ??# ! #??????????? | | ?????????????????########??# !!! #??????????? | | ???????????????????????????# *%!=#??????????? | | ???????????????????????????# """ = #??????????? | | ??????????????????########## """"" #??????????? | | ??????????????????# # """"" #??????????? | | ??????????????????# """ # """"" #??????????? | | ??????????????????# """ /*# """ ########### | | ??????????????????# """ %=# ^ | | ??????????????????# [@=+! ^ ^ | | ??????????????????# """ !!# ^^^ | | ??????????????????# """ %%# #######+######+#### | | ??????????????????# """ = # #?????# ????????? | | ??????????????????# !# #?????# [ ??????? | | ??????????????????########## #?????# #?????? | | ??????????????????????????? #?????# #?????? | | ?????????????????????????? +?????#== #?????? | | ????????????????????????? """ #?????#=! #?????? | | ???????????????????????? T" #?????# #?????? | | ??????????????????????? """ #?????# #?????? | | ?????????????????????? #???"?# #?????? | | ????????????????????? ? ? #???T?? "Y" #?????? | | ????????????????????? ??? #???"?? """ #?????? | | ????????????????????+ ??????" #?????? #?????? | | ????????????????????????????" #??????# #?##?????? | | ????????????????????????????? ??????????????????? | | ????????????????????????????? ??????????????????? | | ?????????????????????????????????????????????????? | | ?????????????????????????????????????????????????? | | ?????????????????????????????????????????????????? | | ?????????????????????????????????????????????????? | | ??????"T"????????????????????????????????????????? | | ?????????????????????????????????????????????????? | | ?????????????????????????????????????????????????? | +----------------------------------------------------+ Best States ------------- Heat Dissipation 55 Energy Generation 15 Energy Capacity 300 Matter Stores 700 Matter Capacity 700 Sight Range 18 Terrain Scan Range 16 Terrain Scan Density 85 Additional Mass Support 6 Armor Coverage 900 Evasion (%) 62 Item Schematics ----------------- None Robot Schematics ------------------ None Fabricated ------------ Nothing Repaired ---------- Nothing Studied --------- Minigun | -8/Materials | Hacked Alien Tech Used ----------------- None Achievements -------------- None Challenges ------------ None RPGLIKE | -11 -10 -10 -10 -8 --------- Run | Yrd Mat Min Sub Mat Levels Raised 6 | . 3 . 1 2 XP Earned 12239 | 3000 5092 850 1237 2060 XP Spent 10200 | 3000 4500 . 1100 1600 Upgrades 21 | 12 7 . 1 1 Utility Slot 4 | 2 2 . . . Heat Dissipation 5 | 5 . . . . Energy Generation 1 | 1 . . . . Energy Storage 1 | 1 . . . . Mass Support 4 | 1 1 . 1 1 Inventory Capacity 2 | 1 1 . . . Sight Range 2 | . 2 . . . Ranged Accuracy 2 | 1 1 . . . Protomatter Created 552 | . 394 28 130 . Integrity Restored 1588 | . 678 84 826 . Core 1412 | . 678 84 650 . Parts 176 | . . . 176 . Protomatter Decayed 224 | . 102 . 74 48 Game ------ Seed LinkedIonMultirail Manual? 0 Play Time 00:28:27 Cumulative 466.8 hours Start 2025.12.07 @ 19:36:07 End 2025.12.08 @ 10:42:46 Sessions 3 Manual Loads 0 Difficulty Rogue Special Mode Winter2019/RPGLIKE Game No. 173 Rogue 19 Adventurer 154 Explorer 0 Win Type - Total 19 Types 4/3/3/3/2/1/0/1/1/1 Lore% 93 Gallery% 84 Achievement% 61 Wizard Run 0 Options --------- Layout 2 ASCII 0 Keyboard 0 Movement Numpad Keybinds 0 Fullscreen 2 Font 24/Smallcaps Map View 50x44 Zoom Use 0% Tactical HUD 1 Map Filters NONE Filters NONE Steam 1 RUN: 1ef2b45e-dae2-4a4d-be40-bb80cdf483dd